[Event "*** Titled Tuesday Blitz"]
[Site "Chess.com"]
[Date "2020.10.27"]
[Round "1"]
[White "pastouche06"]
[Black "ArjunErigaisi2003"]
[Result "0-1"]
[WhiteElo "2488"]
[BlackElo "3002"]
[TimeControl "180+1"]
[EndTime "10:05:26 PDT"]
[Termination "ArjunErigaisi2003 won by resignation"]

1. d4 g6 2. c4 Nf6 3. f3 d5 4. cxd5 Nxd5 5. e4 Nb6 6. Nc3 Bg7 7. Be3 O-O 8. Qd2 Nc6 9. O-O-O e5 10. d5 Na5 11. Bxb6 axb6 12. b4 Qd6 13. bxa5 Rxa5 14.
Kb1 Bd7 15. Bc4 Rfa8 16. Bb3 b5 17. Nge2 b4 18. Rc1 bxc3 19. Rxc3 c5 20. Rhc1 Bf8 21. Qe3 Rc8 22. f4 Bg7 23. f5 gxf5 24. exf5 Bxf5+ 25. Ka1 e4 26. Ng3 Bg6 27. Nxe4 Qe7 0-1

[Event "*** Titled Tuesday Blitz"]
[Site "Chess.com"]
[Date "2020.10.27"]
[Round "1"]
[White "parintele_chess"]
[Black "Natalya_Buksa"]
[Result "0-1"]
[WhiteElo "2149"]
[BlackElo "2542"]
[TimeControl "180+1"]
[EndTime "10:05:30 PDT"]
[Termination "Natalya_Buksa won by resignation"]

1. d4 d5 2. c4 e6 3. Nc3 Be7 4. cxd5 exd5 5. Nf3 Nf6 6. Bg5 c6 7. e3 h6 8. Bf4 g5 9. Bg3 Nh5 10. Bd3 Nxg3 11. hxg3 Be6 12. Ne5 Nd7 13. f4 Nxe5 14. dxe5 d4 15. exd4 Qxd4 16. Be2 Qe3 17. Qd3 gxf4 18.
gxf4 Qxf4 19. Rf1 Bh4+ 20. Kd1 Qxe5 21. Kc2 Rd8 22. Qf3 Bg5 23. Rad1 Rxd1 24. Rxd1 O-O 25. Bd3 Qe3 26. Qh5 Qf4 27. Ne4 Bg4 0-1

[Event "*** Titled Tuesday Blitz"]
[Site "Chess.com"]
[Date "2020.10.27"]
[Round "1"]
[White "tlomigtlis"]
[Black "Matols"]
[Result "1-0"]
[WhiteElo "2584"]
[BlackElo "2243"]
[TimeControl "180+1"]
[EndTime "10:05:32 PDT"]
[Termination "tlomigtlis won by resignation"]

1. d4 Nf6 2. c4 e6 3. Nc3 Bb4 4. Qc2 d5 5. cxd5 exd5 6. Bg5 O-O 7. Nf3 Re8 8. e3 h6 9. Bh4 c6 10. Bd3 Nbd7 11. O-O Bd6 12. Rad1 Qc7 13. Bg3 Bxg3 14.
hxg3 Qd6 15. Rfe1 Nf8 16. Ne5 Ng4 17. Nxg4 Bxg4 18. f3 Bh5 19. Qf2 Bg6 20. e4 dxe4 21. fxe4 Rad8 22. Bc4 b5 23. Bb3 b4 24. e5 Qe7 25.
Ne2 Qg5 26. Nf4 Bf5 27. Rc1 Bd7 28. Nh3 Qg6 29. Rf1 Ne6 30. Nf4 Qe4 31. Rcd1 Ng5 32. Bc2 1-0

[Event "*** Titled Tuesday Blitz"]
[Site "Chess.com"]
[Date "2020.10.27"]
[Round "1"]
[White "chenxiaoyuer"]
[Black "pedro_nascimento85"]
[Result "1-0"]
[WhiteElo "2515"]
[BlackElo "2005"]
[TimeControl "180+1"]
[EndTime "10:05:32 PDT"]
[Termination "chenxiaoyuer won by resignation"]

1. e4 e6 2. d4 d5 3. Nd2 Nc6 4. Ngf3 Nf6 5. e5 Nd7 6. c3 f6 7.
Bb5 a6 8. Bxc6 bxc6 9. O-O c5 10. Re1 cxd4 11. cxd4 c5 12. exf6 Nxf6 13. Ng5 Qb6 14. Qb3 Qc6 15. Ndf3 c4 16. Qe3 Be7 17. Nxe6 Bxe6 18.
Qxe6 Qxe6 19. Rxe6 Kf7 20. Ng5+ Ke8 21. Bf4 h6 22. Rae1 hxg5 23. Rxe7+ Kf8 24. Bxg5 Ne4 25. Re5 Nxg5 26. Rxg5 Kf7 27. Rxd5 Rhe8 28. Rd7+ Kf6 29. Rxe8 Rxe8 30. Kf1 Rb8 31. Rd6+ Kf5 32. Rxa6 Ke4 33. b3 cxb3 34. axb3 Kxd4 35. Rg6 Rb7 36. Rg3 1-0

[Event "*** Titled Tuesday Blitz"]
[Site "Chess.com"]
[Date "2020.10.27"]
[Round "1"]
[White "Smirnov_Pavel"]
[Black "mjray79"]
[Result "1-0"]
[WhiteElo "2870"]
[BlackElo "2454"]
[TimeControl "180+1"]
[EndTime "10:05:33 PDT"]
[Termination "Smirnov_Pavel won by resignation"]

1. d4 Nf6 2. c4 g6 3. Nf3 Bg7 4. g3 d6 5. Bg2 O-O 6. O-O Nc6 7. Nc3 a6 8. Bf4 Bf5 9. Rc1 Re8 10. d5 Nb8 11. Nd4 Bd7 12. e4 c5 13. Nc2 b5 14.
e5 Nh5 15. e6 Bc8 16. exf7+ Kxf7 17. Bg5 b4 18. Ne4 Nf6 19. Ne3 h6 20. f4 Kg8 21.
Bh4 Ra7 22. Qd3 Nh7 23. Kh1 Qb6 24. Nd2 e6 25. Qxg6 Bd7 26. dxe6 Bc6 27. Nd5 Qb7 28. f5 Nf8 29. Qh5 Nxe6 30. fxe6 Rxe6 31. Rce1 Rxe1 1-0

[Event "*** Titled Tuesday Blitz"]
[Site "Chess.com"]
[Date "2020.10.27"]
[Round "1"]
[White "Ali_rastbod"]
[Black "krasavetc"]
[Result "1/2-1/2"]
[WhiteElo "2601"]
[BlackElo "2287"]
[TimeControl "180+1"]
[EndTime "10:05:34 PDT"]
[Termination "Game drawn by repetition"]

1. c4 Nf6 2. Nc3 e6 3. e4 Be7 4. e5 Ng8 5. Qg4 Kf8 6. d4 d5 7.
Nf3 c5 8. Be3 cxd4 9. Bxd4 Nc6 10.
O-O-O Nh6 11. Qf4 Nxd4 12. Rxd4 Nf5 13. cxd5 Nxd4 14. d6 Nxf3 15. dxe7+ Qxe7 16. Qxf3 Qg5+ 17. Kc2 g6 18. Bd3 Qxe5 19. h4 h5 20. g4 hxg4 21.
Qxg4 Kg7 22. f4 Qh5 23. Qg1 Bd7 24. Qe3 Bc6 25. Qd4+ e5 26. fxe5 Bxh1 27. e6+ Kh7 28. Qf6 Qf3 29. Qg5 Rad8 30. Bxg6+ fxg6 31. Qe7+ Kh6 32. Qg5+ Kg7 33. Qe7+ Kh6 34. Qg5+ Kh7 35. Qe7+ Kh6 1/2-1/2

[Event "*** Titled Tuesday Blitz"]
[Site "Chess.com"]
[Date "2020.10.27"]
[Round "1"]
[White "CM_rui"]
[Black "Pultis"]
[Result "0-1"]
[WhiteElo "2361"]
[BlackElo "2712"]
[TimeControl "180+1"]
[EndTime "10:05:35 PDT"]
[Termination "Pultis won by resignation"]

1. e4 c6 2. d4 d5 3. Nc3 g6 4. Nf3 Bg7 5. e5 Nh6 6. Be2 O-O 7. O-O f6 8. exf6 exf6 9. Re1 Nf7 10. Bf4 Nd7 11. h3 Re8 12. Bd3 Nf8 13. Qd2 Ne6 14. Bg3 Bh6 15. Qd1 Ng7 16. Rxe8+ Qxe8 17. Qf1 Bf5 18. Re1 Qd7 19. Nh4 Bxd3 20. Qxd3 Ne8 21. Ne2 Ned6 22. Nf4 Ne4 23. Nfxg6 hxg6 24. Nxg6 Re8 25.
Bh4 Qf5 26. f3 Qxg6 27. fxe4 dxe4 28. Qc4 Kg7 29. Rf1 Bg5 30. Bg3 e3 31. Re1 Qe4 32. c3 Nh6 33. Qb3 Nf5 34. Qxb7+ Re7 35. Qb8 e2 36.
Bf2 Bd2 0-1

[Event "*** Titled Tuesday Blitz"]
[Site "Chess.com"]
[Date "2020.10.27"]
[Round "1"]
[White "Qvalda"]
[Black "VitaliyBernadskiy"]
[Result "0-1"]
[WhiteElo "2399"]
[BlackElo "2757"]
[TimeControl "180+1"]
[EndTime "10:05:36 PDT"]
[Termination "VitaliyBernadskiy won by checkmate"]

1. e4 e5 2. Nf3 Nc6 3. d4 exd4 4. Nxd4 Nf6 5. Nc3 Bb4 6. Nxc6 bxc6 7. Bd3 O-O 8. O-O Re8 9. Bg5 h6 10. Bh4 g5 11. Bg3 Bxc3 12. bxc3 Nxe4 13. Qh5 Kg7 14. f4 Nf6 15. Qf3 g4 16. Qf2 d6 17. Bh4 c5 18. c4 Qd7 19. Bxf6+ Kxf6 20. Qh4+ Kg7 21. f5 f6 22. Rf4 Rh8 23. Rxg4+ Kf7 24. Rg6 Qd8 25.
Be4 c6 26. Qh5 Kf8 27. Bxc6 Rb8 28. Bd5 Qe7 29. Re1 Qxe1# 0-1

[Event "*** Titled Tuesday Blitz"]
[Site "Chess.com"]
[Date "2020.10.27"]
[Round "1"]
[White "chessdjw"]
[Black "annamaja"]
[Result "1-0"]
[WhiteElo "2649"]
[BlackElo "2303"]
[TimeControl "180+1"]
[EndTime "10:05:37 PDT"]
[Termination "chessdjw won on time"]

1. c4 e5 2. d3 Nc6 3. Nf3 Nf6 4. a3 d5 5. cxd5 Nxd5 6. e4 Nf6 7. Be2 h6 8. h3 Be6 9. Be3 Be7 10. Nbd2 O-O 11.
Rc1 a5 12. Nb3 a4 13. Nc5 Bxc5 14. Rxc5 Re8 15. Nxe5 Nd4 16. Nf3 Nb3 17. Rc3 b6 18. O-O c5 19. Re1 Qe7 20. Bf4 Rad8 21. Bf1 Qa7 22. Be5 Nd7 23. Bh2 Nb8 24. Nd2 Nc6 25. Nc4 b5 26. Nd6 1-0

[Event "*** Titled Tuesday Blitz"]
[Site "Chess.com"]
[Date "2020.10.27"]
[Round "1"]
[White "Artyom_ChessMate"]
[Black "Khnykin_Nikolay"]
[Result "1-0"]
[WhiteElo "2520"]
[BlackElo "2057"]
[TimeControl "180+1"]
[EndTime "10:05:37 PDT"]
[Termination "Artyom_ChessMate won by checkmate"]

1. e4 e6 2. d4 d5 3. Bd3 c5 4.
exd5 exd5 5. c3 Nf6 6. Nf3 Bd6 7.
O-O O-O 8. Nbd2 Nc6 9. Re1 Bg4 10.
h3 Bh5 11. dxc5 Bxc5 12. Nf1 Qb6 13. Be3 d4 14. cxd4 Nxd4 15. Bxd4 Bxd4 16. Bxh7+ Kxh7 17. Qxd4 Bxf3 18. Qxb6 axb6 19. gxf3 Rfe8 20. Ne3 Rad8 21. Rad1 Nh5 22. Kh2 Nf4 23. Kg3 Nd3 24. Re2 f5 25. f4 Nc5 26. Rxd8 Rxd8 27. Nxf5 Rd3+ 28. f3 b5 29. Re7 Kh8 30. Nxg7 Na4 31. f5 Nxb2 32.
f6 Nc4 33. Re8+ Kh7 34. f7 Nd2 35. f8=Q Rxf3+ 36. Qxf3 Nxf3 37. Kxf3 Kxg7 38. Re7+ Kf6 39. Rxb7 b4 40. Rxb4 Kg5 41. Rg4+ Kh5 42. a4 Kh6 43. a5 Kh5 44. a6 Kh6 45. a7 Kh5 46. a8=Q Kh6 47. Qh8# 1-0

[Event "*** Titled Tuesday Blitz"]
[Site "Chess.com"]
[Date "2020.10.27"]
[Round "1"]
[White "larisakalinina"]
[Black "m_ezat"]
[Result "0-1"]
[WhiteElo "1952"]
[BlackElo "2508"]
[TimeControl "180+1"]
[EndTime "10:05:38 PDT"]
[Termination "m_ezat won by resignation"]

1. e4 c6 2. d4 d5 3. Nc3 dxe4 4. Nxe4 Nd7 5. Ng5 Ngf6 6. N1f3 e6 7. Bd3 h6 8. Ne4 Nxe4 9. Bxe4 Nf6 10. Bd3 c5 11. dxc5 Bxc5 12. O-O O-O 13. Qe2 b6 14. Bf4 Bb7 15.
Rad1 Qc8 16. Ne5 a6 17. a4 Nd5 18. Bxh6 gxh6 19. Qg4+ Kh8 20. Qh4 Kg7 21. Qg4+ Kf6 22. c4 Rg8 23. Qh4+ Kxe5 24. cxd5 Bxd5 25. Bh7 Rxg2+ 0-1

[Event "*** Titled Tuesday Blitz"]
[Site "Chess.com"]
[Date "2020.10.27"]
[Round "1"]
[White "AIROPITO7"]
[Black "AndreyNeves"]
[Result "1-0"]
[WhiteElo "2597"]
[BlackElo "2250"]
[TimeControl "180+1"]
[EndTime "10:05:39 PDT"]
[Termination "AIROPITO7 won by checkmate"]

1. d4 d5 2. Nc3 Nf6 3. Bg5 Bf5 4. f3 h6 5. Bh4 g5 6. Bf2 e6 7. e3 Nbd7 8. Bd3 Bxd3 9. cxd3 c5 10. dxc5 Bxc5 11. d4 Bb4 12. Qd3 Qa5 13. Ne2 Qa6 14.
Qxa6 bxa6 15. O-O O-O 16. Rfc1 Rfc8 17. a3 Bd6 18. e4 dxe4 19. fxe4 Ng4 20. h3 Nxf2 21.
Kxf2 e5 22. Nd5 exd4 23. Nxd4 Bc5 24. Ke3 Nb6 25. Kd3 Rab8 26. b4 Nxd5 27. exd5 Bxd4 28. Rxc8+ Rxc8 29. Kxd4 Kf8 30. Re1 f5 31. d6 f4 32.
Kd5 Rc2 33. d7 Rd2+ 34. Ke6 h5 35. Re5 g4 36. Rf5+ Kg7 37. Rd5 Re2+ 38. Kf5 f3 39.
d8=Q f2 40. Rd7+ Kh6 41. Qg5# 1-0

[Event "*** Titled Tuesday Blitz"]
[Site "Chess.com"]
[Date "2020.10.27"]
[Round "1"]
[White "politeplayer"]
[Black "Semetey"]
[Result "0-1"]
[WhiteElo "2187"]
[BlackElo "2558"]
[TimeControl "180+1"]
[EndTime "10:05:42 PDT"]
[Termination "Semetey won by resignation"]

1. e4 d6 2. d4 Nf6 3. Nc3 Nbd7 4. f4 e5 5. Nf3 exd4 6. Qxd4 c6 7. Be3 d5 8. exd5 Bc5 9. Qd2 O-O 10. Bxc5 Nxc5 11. O-O-O Qa5 12. Bc4 b5 13. Bb3 b4 14.
Nb1 Nxb3+ 15. axb3 cxd5 16. Rhe1 Bf5 17. Nd4 Be4 18.
g4 Rac8 19. g5 Nd7 20. f5 Nc5 21. Qf2 Qa2 22. f6 Nxb3+ 23. Nxb3 Rxc2+ 24. Qxc2 Bxc2 25. Kxc2 Rc8+ 26. Kd2 Qxb2+ 27. Ke3 Qxb3+ 28. Rd3 Qb2 29. Nd2 Qe5+ 30. Kf2 Qf5+ 31. Rf3 Qxg5 32. Rg1 Qxd2+ 0-1

[Event "*** Titled Tuesday Blitz"]
[Site "Chess.com"]
[Date "2020.10.27"]
[Round "1"]
[White "Thee-Chessboy"]
[Black "MoreChessJulia"]
[Result "1-0"]
[WhiteElo "2516"]
[BlackElo "2016"]
[TimeControl "180+1"]
[EndTime "10:05:43 PDT"]
[Termination "Thee-Chessboy won by resignation"]

1. d4 g6 2. Nf3 Bg7 3. g3 b6 4.
Bg2 Bb7 5. O-O d6 6. c4 Nd7 7. Nc3 f5 8. Qc2 Ngf6 9. d5 h6 10. Nd4 Nf8 11. Rd1 Qd7 12. e4 Nxe4 13. Nxe4 fxe4 14.
Bxe4 O-O-O 15. Nc6 Qg4 16. Nxd8 Kxd8 17. Be3 Nd7 18.
Bxg6 Ne5 19. Be4 h5 20. f4 Nd7 21. Bf5 Qf3 22. Qf2 Qxf2+ 23. Bxf2 h4 24. Bxd7 Kxd7 25. Bd4 Bf6 26. Bxf6 exf6 27. Re1 Ba6 28. b3 b5 29. cxb5 Bxb5 30. Re6 Bc6 31. Rae1 Bxd5 32. Re7+ Kc8 33. Re8+ Rxe8 34. Rxe8+ Kd7 35. Rf8 hxg3 36. hxg3 Ke7 37. Rh8 f5 38. Kf2 Be4 39. Ke3 Kd7 40. a3 a5 41. b4 axb4 42. axb4 Kc6 43. g4 Bd5 44. g5 Kb5 45. Rb8+ Kc4 46. g6 c5 47. bxc5 dxc5 48.
g7 Kc3 49. g8=Q Bxg8 50. Rxg8 1-0

[Event "*** Titled Tuesday Blitz"]
[Site "Chess.com"]
[Date "2020.10.27"]
[Round "1"]
[White "Quiet_Desperation"]
[Black "jacky72"]
[Result "0-1"]
[WhiteElo "1999"]
[BlackElo "2513"]
[TimeControl "180+1"]
[EndTime "10:05:44 PDT"]
[Termination "jacky72 won by resignation"]

1. e4 e5 2. Nf3 Nc6 3. Bb5 a6 4. Ba4 d6 5. c3 Bd7 6. O-O g6 7. d4 Bg7 8. h3 Nf6 9. Re1 O-O 10. d5 Ne7 11. Bc2 h6 12. c4 b5 13. c5 Nh5 14.
c6 Bc8 15. a4 bxa4 16. Nc3 Nf4 17. Ne2 Nxe2+ 18. Qxe2 f5 19. Rxa4 f4 20. Nh2 g5 21.
f3 h5 22. Bd1 Ng6 23. b4 Rb8 24. Bd2 Nh4 25. Qd3 Qf6 26. Re2 Qg6 27. Be1 Rf7 28. Bxh4 gxh4 29. Bb3 Bxh3 30. Bc4 Bf6 31. Bxa6 Rg7 32.
Qc2 Bc8 33. Bxc8 Rxc8 34. b5 Rb8 35. Qd3 h3 36. Raa2 Bh4 37. Kh1 hxg2+ 38. Rxg2 Bg3 39. Qc4 Qf6 40. Qf1 Qh4 41. Qg1 Rxb5 42. Ra8+ Kh7 0-1

[Event "*** Titled Tuesday Blitz"]
[Site "Chess.com"]
[Date "2020.10.27"]
[Round "1"]
[White "kingofthenil"]
[Black "SantoBlue"]
[Result "1-0"]
[WhiteElo "2457"]
[BlackElo "2829"]
[TimeControl "180+1"]
[EndTime "10:05:46 PDT"]
[Termination "kingofthenil won by resignation"]

1. e4 c5 2. d3 Nc6 3. g3 g6 4. Bg2 Bg7 5. f4 d6 6. Nf3 Nf6 7. O-O O-O 8. Nc3 Rb8 9. h3 b5 10. g4 b4 11. Ne2 Nd7 12. Kh1 a5 13. Rb1 a4 14. Be3 Ba6 15. b3 e6 16. f5 Nde5 17. Nf4 Nxf3 18. Qxf3 exf5 19. exf5 Nd4 20. Qf2 Bb7 21.
Nd5 axb3 22. axb3 Be5 23. Bh6 Bg7 24. Bxg7 Kxg7 25. f6+ Kh8 26. Rbe1 Ne6 27. Qh4 Qd7 28. Qh6 Rg8 29. Ne7 Bxg2+ 30. Kxg2 Qb7+ 31. Kh2 Nd4 32. Nxg8 Rxg8 33. Re8 Ne6 34. Rxe6 1-0

[Event "*** Titled Tuesday Blitz"]
[Site "Chess.com"]
[Date "2020.10.27"]
[Round "1"]
[White "beto-betun"]
[Black "Iskusnyh"]
[Result "0-1"]
[WhiteElo "2199"]
[BlackElo "2559"]
[TimeControl "180+1"]
[EndTime "10:05:48 PDT"]
[Termination "Iskusnyh won by resignation"]

1. d4 d5 2. Nf3 Nf6 3. c4 c6 4. Nc3 a6 5. cxd5 cxd5 6. g3 Nc6 7. Bg2 Bf5 8. O-O e6 9. Nh4 Bg4 10. f3 Bh5 11. Bh3 Rc8 12. Ng2 Nxd4 13. Nf4 Bg6 14. Nxg6 hxg6 15. Kg2 Bc5 16. e3 Nf5 17. Qe2 Qb6 18. e4 dxe4 19. Bxf5 gxf5 20. fxe4 fxe4 21. Nxe4 Qc6 22. Re1 Bb4 23. Bd2 Bxd2 24. Qxd2 Nxe4 0-1

[Event "*** Titled Tuesday Blitz"]
[Site "Chess.com"]
[Date "2020.10.27"]
[Round "1"]
[White "Th3_Hound"]
[Black "jamalm2"]
[Result "1-0"]
[WhiteElo "2507"]
[BlackElo "1946"]
[TimeControl "180+1"]
[EndTime "10:05:49 PDT"]
[Termination "Th3_Hound won on time"]

1. e4 c5 2. Nf3 e6 3. d4 cxd4 4. Nxd4 a6 5. Nc3 Qc7 6. Bd3 b5 7. O-O Bb7 8. Qe2 d6 9. f4 Nd7 10. Bd2 Ngf6 11. Kh1 Be7 12. Rae1 O-O 13. e5 dxe5 14.
fxe5 Nd5 15. Qh5 g6 16. Qh3 Nxe5 17. Nxe6 fxe6 18. Qxe6+ Nf7 19. Nxd5 Bxd5 20. Qxd5 Rad8 21. Qb3 Bh4 22. Re4 Be7 23. Ba5 Qc6 24. Rxe7 Rxd3 25. cxd3 1-0

[Event "*** Titled Tuesday Blitz"]
[Site "Chess.com"]
[Date "2020.10.27"]
[Round "1"]
[White "paulrusan"]
[Black "hermionegrangermagic"]
[Result "1-0"]
[WhiteElo "2217"]
[BlackElo "2546"]
[TimeControl "180+1"]
[EndTime "10:05:50 PDT"]
[Termination "paulrusan won by resignation"]

1. e4 c5 2. b4 cxb4 3. Bb2 Nc6 4. d4 d5 5. exd5 Qxd5 6. c4 bxc3 7. Nxc3 Qd8 8. d5 Nb8 9. Bb5+ Bd7 10. Bc4 Nf6 11.
Nf3 g6 12. O-O Bg7 13. d6 e6 14. Nb5 Na6 15. Rc1 O-O 16. Ne5 Bxb5 17. Bxb5 Nd5 18. d7 Nac7 19. Bc4 f6 20. Nf3 Qxd7 21. Re1 Rad8 22.
Qb3 b6 23. a4 Rfe8 24. Rcd1 Qc6 25. Nd4 Qb7 26. Nxe6 Nxe6 27. Rxd5 Kf8 28. Rxd8 Nxd8 29. Rxe8+ Kxe8 30. Bb5+ Nc6 31. Qe6+ Qe7 32. Bxc6+ Kf8 33. Qc8+ Kf7 34. Bd5+ 1-0

[Event "*** Titled Tuesday Blitz"]
[Site "Chess.com"]
[Date "2020.10.27"]
[Round "1"]
[White "ARTHURMOTIVATOR"]
[Black "PaulfromSPb"]
[Result "1-0"]
[WhiteElo "2360"]
[BlackElo "2656"]
[TimeControl "180+1"]
[EndTime "10:05:53 PDT"]
[Termination "ARTHURMOTIVATOR won by resignation"]

1. e4 c5 2. b3 Nf6 3. e5 Nd5 4. Bb2 Nc6 5. Nf3 e6 6. Nc3 Nxc3 7. dxc3 d5 8. exd6 Qxd6 9. Bd3 Be7 10. Qe2 Bf6 11.
O-O-O Qf4+ 12. Kb1 O-O 13. g3 Qh6 14. h4 e5 15. Ng5 g6 16. Ne4 Be7 17. Bc1 Qg7 18. h5 f5 19. Bc4+ Kh8 20. h6 Qf6 21. Nxf6 Bxf6 22. Rhe1 e4 23. Bb2 Ne5 24. Rd6 Nf3 25.
Red1 Be7 26. R6d5 Be6 27. Rxc5 Bxc5 28. Bxe6 Rad8 29. Bd5 Be7 30. c4+ Bf6 31. Bxf6+ Rxf6 32. Kb2 g5 33. Qe3 Rdd6 34. Qc3 b6 35. b4 a5 36. a3 axb4 37. axb4 f4 38. c5 bxc5 39. bxc5 Ra6 40. c6 Rb6+ 41. Kc1 Rxc6 42. Bxc6 1-0

[Event "*** Titled Tuesday Blitz"]
[Site "Chess.com"]
[Date "2020.10.27"]
[Round "1"]
[White "PauloCesarCosta_sad"]
[Black "verdest"]
[Result "0-1"]
[WhiteElo "2290"]
[BlackElo "2636"]
[TimeControl "180+1"]
[EndTime "10:05:54 PDT"]
[Termination "verdest won on time"]

1. Nf3 Nf6 2. c4 e6 3. d4 d5 4. Nc3 Bb4 5. e3 O-O 6. Bd2 b6 7. cxd5 exd5 8. a3 Bd6 9. Nb5 Be7 10. Be2 Ba6 11. Nc3 Bxe2 12. Qxe2 Nbd7 13. Rc1 c5 14. O-O Rc8 15. dxc5 bxc5 16. Rfd1 Qb6 17. Qb5 Rfd8 18.
Qxb6 Nxb6 19. Kf1 Nc4 20. Rb1 Rb8 21. Bc1 Rb3 22. Nd2 Nxd2+ 23. Rxd2 d4 24. exd4 cxd4 25.
Ne2 d3 26. Nf4 Ne4 27. Rd1 d2 28. f3 dxc1=Q 29. Rbxc1 Rxd1+ 30. Rxd1 Nf6 0-1

[Event "*** Titled Tuesday Blitz"]
[Site "Chess.com"]
[Date "2020.10.27"]
[Round "1"]
[White "VladimirBelous"]
[Black "TotsukaBlade"]
[Result "1-0"]
[WhiteElo "2839"]
[BlackElo "2438"]
[TimeControl "180+1"]
[EndTime "10:05:55 PDT"]
[Termination "VladimirBelous won by resignation"]

1. Nf3 d5 2. c4 dxc4 3. g3 Nf6 4. Bg2 Nc6 5. O-O e5 6. Qa4 Bd6 7. Na3 O-O 8. Nxc4 Bd7 9. Qb3 Rb8 10. d3 h6 11. Nxd6 cxd6 12. Bd2 Qe7 13. Rfc1 d5 14. Qa3 Qe6 15. b4 e4 16. dxe4 dxe4 17. Ne1 Rfd8 18. Be3 a6 19. Nc2 Nd5 20. Nd4 Nxd4 21. Bxd4 Bb5 22.
e3 Rbc8 23. Qb2 f6 24. h3 Ne7 25. Rxc8 Rxc8 26. Rc1 Rxc1+ 27. Qxc1 Qxa2 28. Bxe4 Bc6 29. Bd3 Qd5 30. Bc4 1-0

[Event "*** Titled Tuesday Blitz"]
[Site "Chess.com"]
[Date "2020.10.27"]
[Round "1"]
[White "oogee"]
[Black "AldokhinIvan"]
[Result "0-1"]
[WhiteElo "2213"]
[BlackElo "2573"]
[TimeControl "180+1"]
[EndTime "10:05:55 PDT"]
[Termination "AldokhinIvan won by resignation"]

1. d4 Nf6 2. c4 g6 3. Nc3 Bg7 4. e4 d6 5. Nf3 O-O 6. Be2 Nc6 7. O-O Re8 8. h3 e5 9. d5 Nd4 10. Be3 Nxe2+ 11. Qxe2 Nh5 12. c5 dxc5 13. Bxc5 Nf4 14. Qe3 b6 15. Ba3 Bd7 16. Rfd1 Qc8 17. Nh2 Bh6 18.
Qg3 Nh5 19. Qh4 Bg7 20. Ne2 Bf6 21. Qg4 Bxg4 22. hxg4 Nf4 23. Ng3 Qa6 24. Rac1 Bh4 25. Rxc7 Bxg3 26. fxg3 0-1

[Event "*** Titled Tuesday Blitz"]
[Site "Chess.com"]
[Date "2020.10.27"]
[Round "1"]
[White "Semen_Khanin"]
[Black "saraswathii"]
[Result "1-0"]
[WhiteElo "2743"]
[BlackElo "2384"]
[TimeControl "180+1"]
[EndTime "10:05:56 PDT"]
[Termination "Semen_Khanin won by resignation"]

1. e4 c5 2. Nf3 e6 3. d4 cxd4 4.
Nxd4 Nf6 5. Nc3 Nc6 6. Ndb5 Bb4 7.
Bf4 O-O 8. Bc7 Qe7 9. Bd6 Bxd6 10. Qxd6 Qxd6 11. Nxd6 Ne8 12. O-O-O Nxd6 13. Rxd6 Ne5 14. f4 Ng6 15. g3 b6 16. Bb5 Rd8 17.
Rhd1 Nf8 18. e5 a6 19. Be2 b5 20. Ne4 Bb7 21. Nc5 Bc6 22. b4 a5 23. bxa5 Bd5 24.
a6 Bxa2 25. Bxb5 Bd5 26. Na4 Rdb8 27. c4 Bc6 28. Bxc6 dxc6 29. Rxc6 Rb4 30. Nc3 h6 31. Kc2 Ng6 32. Rb1 Rxb1 33. Kxb1 Ne7 34. Rc7 Nf5 35. a7 Nd4 36. Nb5 Nxb5 1-0

[Event "*** Titled Tuesday Blitz"]
[Site "Chess.com"]
[Date "2020.10.27"]
[Round "1"]
[White "IMDT02"]
[Black "chesslh19"]
[Result "1-0"]
[WhiteElo "2575"]
[BlackElo "2218"]
[TimeControl "180+1"]
[EndTime "10:05:56 PDT"]
[Termination "IMDT02 won by resignation"]

1. d4 Nf6 2. c4 e6 3. Nc3 d5 4. cxd5 exd5 5. Bg5 c6 6. e3 Bf5 7. Bd3 Bxd3 8. Qxd3 Be7 9. Nge2 O-O 10. O-O Nbd7 11.
f3 Re8 12. Rad1 Nf8 13. e4 dxe4 14. fxe4 Nxe4 15. Nxe4 Bxg5 16. N2g3 Ne6 17. Nf5 Be7 18. Qg3 Rf8 19. Nh6+ Kh8 20. Nxf7+ Rxf7 21. Rxf7 Bf8 22. Rdf1 Qxd4+ 23. Qf2 Qxf2+ 24. R7xf2 Kg8 25. Kh1 Rd8 26. g3 Be7 27. Re2 Nc7 28. Nc3 Bf6 29. Ne4 Nd5 30. Rd1 Re8 31. Rxd5 Rxe4 32. Rd8+ Bxd8 33. Rxe4 Bf6 34. b3 c5 35. Kg2 Bd4 36. Kf3 b6 37.
Re7 a6 38. Ra7 b5 39. Rxa6 c4 40. bxc4 bxc4 41. Ra4 Bg1 42. Rxc4 1-0

[Event "*** Titled Tuesday Blitz"]
[Site "Chess.com"]
[Date "2020.10.27"]
[Round "1"]
[White "picturesquecheck"]
[Black "Fh2411"]
[Result "0-1"]
[WhiteElo "2064"]
[BlackElo "2520"]
[TimeControl "180+1"]
[EndTime "10:05:57 PDT"]
[Termination "Fh2411 won by resignation"]

1. e4 c5 2. Nf3 e6 3. d4 cxd4 4.
Nxd4 a6 5. Be2 Qc7 6. O-O Nf6 7. Nc3 b5 8. Bf3 Nc6 9. Nxc6 dxc6 10. e5 Nd5 11.
Nxd5 cxd5 12. Re1 Bb7 13. c3 Be7 14. Be3 O-O 15. Bd4 Rfc8 16. Qd2 a5 17. Rac1 Qd8 18. g3 b4 19. Bg2 Ba6 20. f4 Bc4 21. b3 Bb5 22. c4 dxc4 23. Bxa8 c3 24. Qf2 Rxa8 25. Red1 Qc8 26. a3 Ba6 27. Re1 Bb7 28. h4 Qc6 29. Kh2 Qd5 30. axb4 axb4 31. Red1 Qxb3 32. f5 Ra2 33. f6 Bf8 34. Rb1 Rxf2+ 35. Bxf2 c2 0-1

[Event "*** Titled Tuesday Blitz"]
[Site "Chess.com"]
[Date "2020.10.27"]
[Round "1"]
[White "blitzking1729"]
[Black "MarkoPe"]
[Result "1-0"]
[WhiteElo "2560"]
[BlackElo "2200"]
[TimeControl "180+1"]
[EndTime "10:05:58 PDT"]
[Termination "blitzking1729 won by checkmate"]

1. d4 d5 2. c4 e6 3. Nc3 Nf6 4. cxd5 exd5 5. Bg5 Be7 6. e3 c6 7. Bd3 Nbd7 8. Qc2 Nf8 9. Nf3 Ng6 10. O-O O-O 11. Ne5 Re8 12. f4 Nd7 13. Bxe7 Qxe7 14.
Rae1 Ndf8 15. e4 Qb4 16. Qf2 dxe4 17. Nxe4 Be6 18. a3 Qb6 19. Nc5 Bd5 20. f5 Nxe5 21.
dxe5 Rad8 22. b4 Nd7 23. f6 g6 24. Qd4 Nxc5 25. bxc5 Qb3 26. Qh4 Kh8 27. Re3 Qa4 28. Qh6 Qh4 29. Qg7# 1-0

[Event "*** Titled Tuesday Blitz"]
[Site "Chess.com"]
[Date "2020.10.27"]
[Round "1"]
[White "ExtremeLearner"]
[Black "Oneofmyturns"]
[Result "0-1"]
[WhiteElo "2370"]
[BlackElo "2729"]
[TimeControl "180+1"]
[EndTime "10:05:59 PDT"]
[Termination "Oneofmyturns won on time"]

1. d4 Nf6 2. Nf3 d5 3. g3 c5 4. Bg2 cxd4 5. Nxd4 e5 6. Nb3 Be6 7. O-O Be7 8. Nc3 O-O 9. Bg5 Nbd7 10. a4 Rc8 11. h3 h6 12. Bxf6 Nxf6 13. Re1 d4 14.
Nb5 a6 15. Na3 Qd7 16. Kh2 b6 17. e3 Rfd8 18. exd4 exd4 19. Nd2 Bb4 20. Re2 Qxa4 21. Ne4 Be7 22. Nxf6+ Bxf6 23. Rd2 Rc7 24. b3 Qb4 25. Rd3 Bf5 26. Nc4 b5 27. Na5 Rd6 28. Nb7 Rdd7 29.
Rf3 Bxc2 30. Qd2 Qxd2 0-1

[Event "*** Titled Tuesday Blitz"]
[Site "Chess.com"]
[Date "2020.10.27"]
[Round "1"]
[White "Zhuu96"]
[Black "Neftegor"]
[Result "1-0"]
[WhiteElo "2889"]
[BlackElo "2462"]
[TimeControl "180+1"]
[EndTime "10:06:00 PDT"]
[Termination "Zhuu96 won by resignation"]

1. d4 Nf6 2. c4 e6 3. Nf3 Bb4+ 4.
Bd2 Qe7 5. e3 O-O 6. Bd3 d5 7.
cxd5 exd5 8. O-O c6 9. h3 Nbd7 10. Nc3 Re8 11. Qc2 Nf8 12. Ne5 N6d7 13. f4 f6 14. Nf3 Nb6 15. Rae1 Qf7 16. e4 dxe4 17. Nxe4 Bxd2 18. Qxd2 Rd8 19. b3 Be6 20. Nc5 Bd5 21. Nh4 Ne6 22. Nf5 Rab8 23. Qf2 Nc8 24. Qg3 Kh8 25.
Rxe6 b6 26. Qh4 bxc5 27. Nd6 Qg8 28. Nf7+ 1-0